AoeStats
← thinker

Nomad

507226227Analyzed
4v4 RM · 14d ago on Sep 17, 2026· 46m 40s· 8 players
Game mode
Random Map
Map size
231×231
Population
200
Speed
Normal
Resources
Standard
Victory
Conquest
Starting age
Dark Age
Ending age
Imperial Age
RankedLock teamsTeams togetherTeam positionsShared explorationLock speedFull tech treeHidden civsTurbo modeCheats
Victory
Defeat
🇨🇳 Cumans · China
979
+14
🇨🇳 Hindustanis · China
947
+16
🇺🇸 Celts · United States
914
+17
🇹🇼 Spanish · Taiwan
886
+18
🇦🇺 Bulgarians · Australia
985
-18
🇩🇪 Tatars · Germany
973
-17
🇩🇪 Khmer · Germany
904
-15
🇦🇹 Berbers · Austria
897
-15
TKC0RRAD057
3:53 Loom
15:10 Feudal Age
17:36 Double-Bit Axe
17:44 Fishing Lines
18:15 Gold Mining
20:08 Wheelbarrow
19:05 Man-at-Arms
24:22 Castle Age
23:35 Arson
24:33 Forging
24:23 Scale Mail Armor
24:47 Long Swordsman
25:19 Gambesons
27:02 Chain Mail Armor
28:25 Pikeman
29:26 Bow Saw
36:49 Imperial Age
36:19 Iron Casting
35:57 Stone Mining
39:17 Conscription
39:34 Hand Cart
39:34 Horse Collar
40:45 Heavy Plow
41:18 Stronghold
43:10 Gold Shaft Mining
43:13 Stone Shaft Mining
43:42 Blast Furnace
43:13 Plate Mail Armor
42:35 Fletching
45:01 Siege Engineers
45:17 Ballistics
45:58 Chemistry
44:55 Murder Holes
46:12 Town Watch
46:47 Bodkin Arrow
thinker
9:22 Loom
14:38 Feudal Age
19:02 Castle Age
17:54 Double-Bit Axe
18:22 Fishing Lines
21:07 Bow Saw
23:23 Gillnets
24:45 Horse Collar
28:36 Heavy Plow
28:52 Bloodlines
28:43 Husbandry
29:45 Wheelbarrow
33:21 Forging
33:17 Scale Barding Armor
37:51 Imperial Age
35:42 Hand Cart
37:18 Iron Casting
37:04 Chain Barding Armor
38:14 Ballistics
37:51 Murder Holes
37:54 Heavy Camel Rider
40:28 Conscription
40:35 Gold Mining
40:35 Stone Mining
42:13 Blast Furnace
41:48 Plate Barding Armor
42:17 Imperial Camel Rider
44:13 Chemistry
44:05 Thumb Ring
44:24 Scale Mail Armor
46:08 Gold Shaft Mining
46:08 Stone Shaft Mining
46:36 Two-Man Saw
46:29 Fletching
46:39 Padded Archer Armor
承
6:22 Loom
14:57 Feudal Age
20:58 Castle Age
20:54 Scale Barding Armor
20:39 Double-Bit Axe
20:49 Stone Mining
20:54 Gold Mining
21:41 Forging
28:13 Stone Shaft Mining
29:13 Bow Saw
29:45 Chain Barding Armor
30:23 Wheelbarrow
29:40 Town Watch
33:07 Husbandry
33:50 Hand Cart
36:19 Imperial Age
34:59 Iron Casting
34:25 Scale Mail Armor
35:02 Hand Cart
35:17 Town Patrol
35:58 Pikeman
36:40 Squires
36:38 Halberdier
37:58 Elite Conquistador
38:07 Elite Conquistador
42:43 Two-Man Saw
42:31 Plate Barding Armor
42:57 Blast Furnace
42:13 Chain Mail Armor
LESLIE
4:50 Loom
15:20 Feudal Age
16:26 Double-Bit Axe
19:45 Castle Age
20:45 Bow Saw
21:15 Horse Collar
27:08 Wheelbarrow
27:22 Heavy Plow
27:26 Town Watch
29:15 Hand Cart
30:16 Steppe Husbandry
32:04 Masonry
32:16 Ballistics
35:16 Imperial Age
32:49 Town Patrol
33:09 Scale Barding Armor
33:15 Forging
34:27 Chain Barding Armor
35:06 Bloodlines
36:02 Iron Casting
35:21 Elite Steppe Lancer
36:40 Plate Barding Armor
36:57 Conscription
37:14 Hoardings
37:59 Chemistry
38:02 Blast Furnace
36:53 Fletching
40:32 Elite Kipchak
41:15 Cuman Mercenaries
42:05 Gold Mining
42:05 Stone Mining
MamDé62
4:40 Loom
17:05 Feudal Age
17:39 Double-Bit Axe
17:43 Horse Collar
17:51 Town Watch
18:44 Wheelbarrow
18:12 Fishing Lines
22:49 Castle Age
21:16 Stone Mining
23:04 Bloodlines
23:15 Forging
23:06 Scale Mail Armor
23:14 Gold Mining
23:50 Man-at-Arms
24:16 Arson
25:56 Fletching
26:42 Iron Casting
25:50 Long Swordsman
30:33 Bow Saw
31:01 Gillnets
32:59 Murder Holes
33:15 Masonry
33:16 Heavy Plow
34:45 Ballistics
35:06 Hand Cart
35:54 Gold Shaft Mining
35:55 Stone Shaft Mining
35:31 Husbandry
35:38 Scale Barding Armor
35:49 Chain Mail Armor
35:30 Bodkin Arrow
42:15 Imperial Age
41:45 Tusk Swords
42:21 Padded Archer Armor
42:48 Chain Barding Armor
43:17 Conscription
43:58 Architecture
44:31 Chemistry
43:22 Pikeman
44:59 Bracer
45:16 Leather Archer Armor
45:53 Hoardings
47:52 Blast Furnace
Crack_in_Time
14:40 Feudal Age
14:39 Loom
16:10 Double-Bit Axe
16:31 Horse Collar
22:11 Castle Age
20:19 Gold Mining
20:53 Stone Mining
21:47 Bloodlines
22:18 Forging
24:44 Wheelbarrow
29:46 Scale Barding Armor
31:06 Heavy Plow
32:43 Hand Cart
33:42 Pikeman
35:18 Gold Shaft Mining
35:28 Scale Mail Armor
36:19 Bow Saw
37:54 Iron Casting
41:55 Imperial Age
42:01 Imperial Age
40:44 Chain Barding Armor
40:50 Ballistics
41:13 Fletching
42:12 Bodkin Arrow
42:38 Halberdier
kakao_
4:04 Loom
16:17 Feudal Age
18:01 Wheelbarrow
17:47 Fishing Lines
19:28 Town Watch
25:04 Castle Age
23:11 Stone Mining
24:22 Gold Mining
26:33 Hand Cart
28:54 Gold Shaft Mining
31:08 Gillnets
31:32 Double-Bit Axe
32:15 Demolition Ship
33:26 Bow Saw
33:43 Bloodlines
33:50 Pikeman
35:51 Squires
35:38 Arson
40:42 Imperial Age
41:15 Scale Mail Armor
41:28 Forging
41:47 Town Patrol
41:12 Elite Camel Archer
42:14 Conscription
41:55 Kasbah
43:15 Maghrebi Camels
Soliyo98
8:19 Loom
14:23 Feudal Age
15:21 Double-Bit Axe
15:45 Horse Collar
22:19 Castle Age
20:39 Gold Mining
20:41 Stone Mining
21:06 Forging
22:40 Scale Barding Armor
22:28 Fletching
23:43 Stone Shaft Mining
23:44 Gold Shaft Mining
23:21 Heavy Plow
23:34 Bow Saw
29:05 Wheelbarrow
29:11 Iron Casting
30:46 Bodkin Arrow
32:32 Hand Cart
33:36 Town Watch
37:57 Imperial Age
36:36 Chain Barding Armor
38:00 Bloodlines
39:10 Ballistics
38:49 Murder Holes
39:15 Ballistics
Connection lost

Rejoining the realm…

Still unreachable

The connection could not be restored.

Session expired

The server has moved on; the page needs a fresh start.